 Dungeon Crawl Stone Soup version 0.31-a0-188-g5e087ee2ca (webtiles) character file.

Game seed: 3113382990659951597

63 qw the Shooter (level 3, -2/20 HPs)
             Began as a Deep Elf Hunter on June 23, 2023.
             Slain by an orc
             ... wielding a +0 whip
              (6 damage)
             ... on level 2 of the Dungeon.
             The game lasted 00:00:18 (722 turns).

qw the Shooter (Deep Elf Hunter)                     Turns: 722, Time: 00:00:19

Health: -2/20      AC:  3    Str: 10    XL:     3   Next: 89%
Magic:  5/5        EV: 12    Int: 13    God:
Gold:   75         SH:  0    Dex: 18    Spells: 2/2 levels left

rFire   . . .        Y - +0 shortbow
rCold   . . .        (shield currently unavailable)
rNeg    . . .        c - +0 leather armour
rPois   .            (no helmet)
rElec   .            (no cloak)
rCorr   .            (no gloves)
SInv    .            (no boots)
Will    .....        (no amulet)
Stlth   ++           (no ring)
HPRegen 0.23/turn    (no ring)
MPRegen 0.09/turn

%: no passive effects
@: no status effects
A: no striking features
a: no special abilities


You were on level 2 of the Dungeon.
You visited 1 branch of the dungeon, and saw 2 of its levels.

You collected 75 gold pieces.


   Skills:
 - Level 1.5 Fighting
 + Level 7.3 Ranged Weapons
 - Level 2.4 Dodging
 - Level 1.2 Stealth


You had 2 spell levels left.
You didn't know any spells.
Your spell library was empty.

Inventory:

Hand Weapons
 Y - a +0 shortbow (weapon)
Armour
 c - a +0 leather armour (worn)
 f - a +0 helmet
Jewellery
 d - a ring of fire
 g - a ring of fire
Scrolls
 a - a scroll of torment {unknown}
 b - a scroll of teleportation
Potions
 e - a potion of resistance {unknown}

Dungeon Overview and Level Annotations

Branches:
Dungeon (2/15)

Altars:


Message History

An orc comes into view. It is wielding a +0 club.
An endoplasm comes into view.
Your Ranged Weapons skill increases to level 7!
You shoot an arrow. The endoplasm quivers.
The orc shouts!
The arrow hits the bat.
The bat is heavily wounded.
The bat hits you.
An orc comes into view. It is wielding a +0 short sword.
You shoot an arrow. The orc shouts!
The arrow hits the bat.
You kill the bat!
You shoot an arrow. The arrow hits the endoplasm.
The endoplasm is almost dead.
You shoot an arrow.
The arrow hits the endoplasm but does no damage.
The endoplasm is almost dead.
You shoot an arrow.
The arrow hits the endoplasm but does no damage.
The endoplasm is almost dead.
The endoplasm freezes you.
You are frozen.
You shoot an arrow. The arrow hits the endoplasm.
You kill the endoplasm!
You shoot an arrow.
The arrow hits the orc but does no damage.
The orc hits you with a +0 whip.
You shoot an arrow. The arrow hits the orc.
The orc is moderately wounded.
You shoot an arrow. The arrow hits the orc.
The orc is almost dead.
The orc hits you with a +0 club. The orc closely misses you.
The orc hits you but does no damage.
You shoot an arrow. The arrow closely misses the orc.
The orc hits you with a +0 club. The orc hits you with a +0 whip.
The orc misses you. The orc closely misses you.
The orc hits you with a +0 short sword. The orc hits you with a +0 whip.
You die...

#####. # # #..... .#.
#.##.. ..# #.##.# #.#
#..#%. #.# .# ##.#.. #.#
.####..<.
.##.###o#######.##......
.)..%.o@...[..#.##.#....
..#.###o#####.#.##.#.#..
...>####.#.##.#.##.
..###...........#.##. ##
#........####>##.
##.####.######.##.
.........%........
#######.######.... #.#
#####


You could see 3 orcs.

Vanquished Creatures
  An orc priest (D:2)
  A dart slug (D:2)
  2 endoplasms (D:2)
  4 giant cockroaches
  2 goblins (D:1)
  5 hobgoblins
  2 jackals (D:2)
  A quokka (D:2)
  3 ball pythons (D:1)
  3 bats
  A frilled lizard (D:1)
  3 kobolds
  2 rats (D:1)
30 creatures vanquished.

Notes
Turn   | Place    | Note
-------+----------+-------------------------------------------
     0 | D:1      | qw the Deep Elf Hunter began the quest for the Orb.
     0 | D:1      | Reached XP level 1. HP: 12/12 MP: 3/3
     0 | D:1      | 0 ||| qw: Version: 0.3-a-9-g12657ce
     0 | D:1      | 0 ||| qw: Game counter: 3784
     0 | D:1      | 0 ||| qw: Always use a shield: true
     0 | D:1      | 0 ||| qw: God list: Okawaru
     0 | D:1      | 0 ||| qw: Allow faded altars: false
     0 | D:1      | 0 ||| qw: Do Orc after D:15 true
     0 | D:1      | 0 ||| qw: Do second Lair branch before Depths: true
     0 | D:1      | 0 ||| qw: Lair rune preference: random
     0 | D:1      | 0 ||| qw: Plans: Normal
     0 | D:1      | 0 ||| PLANNING D:1-11
   153 | D:1      | Reached XP level 2. HP: 16/16 MP: 4/4
   182 | D:1      | Reached skill level 6 in Ranged Weapons
   550 | D:1      | 550 ||| READING scroll labelled HOLUIX NYMOXT.
   551 | D:1      | 551 ||| READING scroll labelled MUNUDU NUILLA.
   556 | D:1      | 556 ||| DROPPING scroll of butterflies.
   684 | D:2      | Reached XP level 3. HP: 20/20 MP: 5/5
   713 | D:2      | Reached skill level 7 in Ranged Weapons
   722 | D:2      | HP: 4/20 [orc/+0 short sword (2)]
   722 | D:2      | Slain by an orc

Levels and vault maps discovered:
D:1:      minmay_arrival_semitransparent, layout_basic
D:2:      layout_loops_ring, minivault_23

Skill      XL: |  1  2  3 |
---------------+----------+-----
Ranged Weapons | 6 7 |  7.3
Fighting       | |  1.5
Dodging        | |  2.4
Stealth        | |  1.2

Action                     || total
---------------------------++-------
   Fire: Shortbow          ||    79
    Use: Scroll            ||     2
 Armour: Leather armour    ||     6
  Dodge: Dodged            ||    18

Table legend:
 A = Non-vault XP
 B = Vault XP
 C = Vault XP percentage of total XP
 D = Non-vault monster count
 E = Vault monster count
 F = Vault count percentage of total count
                 A         B        C        D         E       F
            +---------+---------+-------+---------+---------+-------
      Total |      91 |       0 |   0.0 |      30 |       0 |   0.0
            +---------+---------+-------+---------+---------+-------
        D:1 |      29 |       0 |   0.0 |      19 |       0 |   0.0
        D:2 |      62 |       0 |   0.0 |      11 |       0 |   0.0
            +---------+---------+-------+---------+---------+-------
